 Dungeon Sprint DCSS version 0.28-a0-1387-g3a22ab9bdc (webtiles) character file.

Game seed: 4454218047538415442

694 mhtbhm the Fighter (level 7, -1/54 HPs)
             Began as a Gargoyle Berserker on Jan 2, 2022.
             Was a Believer of Trog.
             Slain by a neqoxec (5 damage)
             ... in the Dungeon (Sprint II: "The Violet Keep of Menkaure").
             The game lasted 00:00:23 (273 turns).

mhtbhm the Fighter (Gargoyle Berserker)              Turns: 273, Time: 00:00:24

Health: -1/54      AC:  7    Str: 22      XL:     7   Next: 64%
Magic:  6/6        EV: 12    Int:  3 (8)  God:    Trog [**....]
Gold:   243        SH:  0    Dex:  7      Spells: 6/6 levels left

rFire   . . .      SeeInvis .   a - +0 mace
rCold   . . .      Faith    .   (no shield)
rNeg    + . .      Spirit   .   b - +0 animal skin
rPois   ∞          Reflect  .   (no helmet)
rElec   +          Harm     .   (no cloak)
rCorr   .          Rampage  .   (no gloves)
Will    .....      NoTele   +   (no boots)
Stlth   +.........              (no amulet)
HPRegen 0.18/turn               (no ring)
MPRegen 0.10/turn               (no ring)

@: on berserk cooldown, slowed, very slow
A: sickness immunity, AC +4, negative energy resistance 1, electricity
resistance, torment resistance 1, petrification resistance, clumsy 1,
deterioration 1, low mp 1, no potion heal 1
a: Renounce Religion, Berserk, Trog's Hand


You were in the Dungeon.
You worshipped Trog.
Trog was pleased with you.
You visited 1 branch You collected 243 gold pieces.

Inventory:

Hand Weapons
 a - a +0 mace (weapon)
Armour
 b - a +0 animal skin (worn)
Scrolls
 h - a scroll of blinking
Potions
 c - a potion of curing
 e - a potion of haste
 f - 2 potions of magic
 g - a potion of berserk rage


   Skills:
 + Level 11.3 Fighting
 + Level 11.1 Maces & Flails
 + Level 5.7 Armour
 + Level 4.5 Dodging


You had 6 spell levels left.
You didn't know any spells.
Your spell library was empty.

Dungeon Overview and Level Annotations

Branches:
Dungeon (1/1)

Altars:


Innate Abilities, Weirdness & Mutations

You are immune to sickness and miasma.
Your stone body is resilient. (AC +4)
You are immune to poison.
You resist negative energy. (rN+)
You are resistant to electric shocks. (rElec)
You are resistant to unholy torment.
You are immune to petrification.
You are clumsy. (Dex -2)
Your body sometimes deteriorates upon taking damage.
Your magical capacity is low. (-10% MP)
Potions are less effective at restoring your health.


Message History

Your system partially rejects the healing.
You feel much better. The neqoxec hits you.
You closely miss the neqoxec.
The neqoxec is moderately wounded.
The neqoxec barely misses you.
The neqoxec hits you but does no damage.
You hit the neqoxec but do no damage.
The neqoxec is moderately wounded.
The neqoxec hits you but does no damage.
You thump the neqoxec!
The neqoxec is severely wounded.
The neqoxec hits you.
You barely miss the neqoxec.
The neqoxec is severely wounded.
The neqoxec gestures at you.
You feel dopey. Something feeds on your intellect!
You closely miss the neqoxec.
The neqoxec is severely wounded.
The neqoxec hits you!
* * * LOW HITPOINT WARNING * * *
The neqoxec barely misses you.
You barely miss the neqoxec.
The neqoxec is severely wounded.
The neqoxec hits you!
* * * LOW HITPOINT WARNING * * *
Your body deteriorates!
You feel dopey.
You hit the neqoxec.
The neqoxec is severely wounded.
The neqoxec gestures at you.
You feel dopey. Something feeds on your intellect!
You barely miss the neqoxec.
The neqoxec is severely wounded.
The neqoxec hits you.
* * * LOW HITPOINT WARNING * * *
You closely miss the neqoxec.
The neqoxec is severely wounded.
The neqoxec barely misses you. The neqoxec hits you.
You die...

# #+# .#
##.##..#
+.<@3$#
##.##.#
##'## .#
#.).## #
#..#..#
##...##
##+##


You could see a neqoxec.

Vanquished Creatures
  A merfolk siren (D)
  3 neqoxecs (D)
4 creatures vanquished.

Notes
Turn   | Place    | Note
-------+----------+-------------------------------------------
     0 | D        | mhtbhm the Gargoyle Berserker began the quest for the Orb.
     0 | D        | Reached XP level 1. HP: 14/14 MP: 1/1
     1 | D        | Noticed a merfolk siren
    10 | D        | Killed a merfolk siren
    11 | D        | Reached XP level 2. HP: 10/27 MP: 2/2
    11 | D        | Reached XP level 3. HP: 12/32 MP: 3/3
    11 | D        | Reached XP level 4. HP: 14/36 MP: 4/4
    11 | D        | Reached XP level 5. HP: 16/41 MP: 5/5
    11 | D        | Reached XP level 6. HP: 18/47 MP: 6/6
   233 | D        | Noticed a neqoxec
   233 | D        | Noticed a neqoxec
   233 | D        | Noticed a neqoxec
   233 | D        | Noticed a neqoxec
   234 | D        | Gained mutation: Potions are less effective at restoring
                  | your health. [a neqoxec]
   236 | D        | Gained mutation: Your magical capacity is low. (-10% MP) [a
                  | neqoxec]
   240 | D        | Killed a neqoxec
   240 | D        | Reached ** piety under Trog
   241 | D        | Reached skill level 10 in Fighting
   241 | D        | Reached skill level 10 in Maces & Flails
   241 | D        | Reached skill level 5 in Armour
   241 | D        | Reached XP level 7. HP: 52/52 MP: 6/6
   249 | D        | Killed a neqoxec
   259 | D        | Killed a neqoxec
   262 | D        | Gained mutation: Your body sometimes deteriorates upon
                  | taking damage. [a neqoxec]
   263 | D        | Gained mutation: You are clumsy. (Dex -2) [a neqoxec]
   273 | D        | Slain by a neqoxec

Illustrated notes

Levels and vault maps discovered:
D:        the_violet_keep_of_menkaure [sprint2_stairs_cluster_1,
          sprint2_shoproom, sprint2_temple, sprint2_basic_supplies,
          sprint2_obstacle_3, sprint2_obstacle_4, sprint2_obstacle_6,
          sprint2_obstacle_5, sprint2_obstacle_7, sprint2_timed_cluster_1,
          sprint2_smallroom_cluster_1, sprint2_smallroom_final_cluster_1,
          sprint2_transparent_cluster_1, sprint2_second_timed_cluster_1,
          sprint2_sniper_area_1, sprint2_heavy_combat_area_1,
          sprint2_mutation_trap_area_1, sprint2_forest_area_1,
          sprint2_light_combat_area_1, sprint2_behind_water_1,
          sprint2_near_end_vault_1]

Skill      XL: |  1  2  3  4  5  6  7 |
---------------+----------------------+-----
Fighting       | 9 10 11 | 11.3
Maces & Flails | 9 10 11 | 11.1
Armour         | 4 5 |  5.7
Dodging        | 3 4 |  4.5

Action                   |  1- 3 |  4- 6 |  7- 9 || total
-------------------------+-------+-------+-------++-------
Melee: Mace              |     5 |     6 |    31 ||    42
Invok: Berserk           |     1 |     1 |       ||     2
  Use: Potion            |       |       |     1 ||     1
Armor: Animal skin       |       |       |     4 ||     4
Dodge: Dodged            |     3 |     2 |    12 ||    17

Table legend: (Time is in decaauts)
 A = Elapsed time spent in this place.
 B = Non-inter-level travel time spent in this place.
 C = Inter-level travel time spent in this place.
 D = Time resting spent in this place.
 E = Time spent auto-exploring this place.
 F = Levels seen in this place.
 G = Mean time per level.
                   A        B        C        D        E       F      G
               +--------+--------+--------+--------+--------+-----+--------+
         Total |    282 |    282 |      0 |    227 |      0 |   1 |  282.0 |
       Dungeon |    282 |    282 |      0 |    227 |      0 |   1 |  282.0 |
               +--------+--------+--------+--------+--------+-----+--------+

Top non-repeatable levels by time:
       D: 282 daAuts
